Map: Parasitismo LE

Players

Vicster

  • Race: Terran Terran
  • League: Gold
  • Spawn Location: 5:00

SaCer - Winner!

  • Race: Zerg Zerg
  • Spawn Location: 11:00

VOD

Have the link to the VOD?

Description

Time

  • Played on: Jan. 8, 2019, 3:29 p.m.
  • Length: 17:00
Show
View Real Time Build Order
Export as new Build Order

Vicster Terran 

Build Orders: Mech 

Get SALT Encoding   

  12  0:01  SCV  
  13  0:14  SCV  
  13  0:17  Supply Depot  
  14  0:27  SCV  
  15  0:39  SCV  
  16  0:47  Barracks  
  16  0:51  SCV  
  17  0:58  Refinery  
  17  1:04  SCV  
  18  1:16  SCV  
  19  1:28  SCV  
  20  1:40  Orbital Command  
  20  1:46  Marine  
  21  1:48  Command Center  
  21  2:11  Factory  
  21  2:19  SCV  
  21  2:32  Bunker  
  21  2:37  SCV  
  22  2:41  Refinery, Barracks Tech Lab  
  22  2:48  Supply Depot  
  22  2:57  Command Center  
  22  3:04  Supply Depot  
  22  3:12  Orbital Command  
  22  3:20  Supply Depot  
  22  3:23  SCV  
  23  3:35  SCV  
  23  3:40  Siege Tank  
  27  3:47  SCV x2  
  29  4:00  SCV  
  29  4:02  SCV  
  31  4:08  Orbital Command  
  31  4:12  Barracks, SCV  
  31  4:15  Factory  
  32  4:21  Factory  
  32  4:22  SCV  
  32  4:24  SCV  
  34  4:28  Refinery  
  34  4:31  Refinery  
  34  4:34  SCV  
  34  4:35  Siege Tank  
  34  4:36  SCV  
  39  4:41  SCV  
  39  4:44  Engineering Bay  
  40  4:47  SCV  
  40  4:48  SCV  
  42  4:59  SCV  
  43  5:00  Factory Tech Lab  
  43  5:04  Factory Tech Lab  
  44  5:07  SCV x2  
  45  5:14  Missile Turret x2  
  45  5:19  Armory, SCV  
  46  5:31  SCV  
  46  5:34  SCV  
  46  5:35  SCV  
  49  5:43  SCV  
  49  5:46  SCV  
  49  5:47  SCV  
  52  5:55  SCV  
  53  5:58  SCV  
  53  5:59  SCV  
  55  6:07  Terran Vehicle Weapons Level 1  
  55  6:08  SCV  
  55  6:10  Orbital Command  
  56  6:12  Command Center  
  56  6:16  SCV  
  56  6:17  Thor x2  
  56  6:18  Hellbat  
  71  6:20  SCV  
  72  6:29  Orbital Command  
  72  7:00  Factory x2  
  72  7:01  Factory  
  72  7:11  Command Center  
  72  7:34  Orbital Command  
  72  7:40  Command Center  
  72  7:42  Thor x3  
  90  7:46  Factory Tech Lab x2  
  90  7:48  Factory Tech Lab  
  90  8:04  Orbital Command  
  90  8:11  Hellbat  
  92  8:23  Thor, Hellbat  
  92  8:25  Thor, Orbital Command  
  106  8:32  Orbital Command  
  106  8:43  Orbital Command  
  106  8:52  Hellbat x3  
  97  9:14  SCV x2  
  95  9:17  SCV  
  95  9:19  Orbital Command  
  91  9:26  SCV x2  
  93  9:37  Thor x3  
  93  9:38  Hellbat  
  113  9:39  Hellbat x2  
  117  9:47  Refinery  
  117  9:55  Refinery  
  117  9:59  Hellbat, Orbital Command  
  119  10:01  Hellbat  
  119  10:05  Hellbat  
  121  10:46  Thor  
  121  11:24  Refinery  
  121  11:35  Refinery  
  121  11:40  Refinery  
  121  11:43  Refinery  
  121  11:54  Hellbat  
  121  12:02  Orbital Command  
  121  12:30  Thor  
  121  12:33  Factory Tech Lab  
  121  12:45  Command Center  
  119  13:04  Command Center  
  119  13:05  Thor  
  117  13:06  Thor  
  121  13:32  Thor  
  115  13:42  Thor  
  115  13:46  Orbital Command  
  121  13:50  SCV  
  121  13:54  SCV x3, Terran Vehicle And Ship Armor Level 1  
  121  13:55  Hellbat, Thor x3  
  121  14:02  SCV  
  102  14:07  SCV x3  
  99  14:14  SCV  
  99  14:16  Refinery, Hellbat x2  
  104  14:18  Refinery  
  104  14:19  SCV x3  
  104  14:20  Refinery  
  107  14:25  Refinery, Hellbat  
  107  14:26  SCV  
  110  14:32  Refinery  
  110  14:40  Thor  
  82  15:32  Factory Tech Lab  
  81  15:42  Missile Turret  
  77  15:48  Missile Turret  
  61  16:01  Orbital Command  
  56  16:09  Hellbat  
Show
View Real Time Build Order
Export as new Build Order

SaCer Zerg - Winner!

Build Orders: Pool First, Swarm Host 

Get SALT Encoding   

  12  0:04  Drone  
  13  0:15  Overlord  
  13  0:21  Drone  
  14  0:33  Overlord  
  14  0:42  Drone x2  
  16  0:49  Drone  
  17  1:00  Spawning Pool  
  16  1:19  Hatchery  
  16  1:21  Drone  
  16  1:23  Drone  
  17  1:26  Extractor  
  17  1:28  Drone  
  17  1:43  Drone  
  18  1:51  Drone  
  19  1:54  Queen  
  19  2:00  Zergling x2  
  21  2:17  Zergling x2  
  21  2:18  Zergling x2  
  23  2:30  Drone  
  24  2:42  Roach Warren  
  23  2:46  Overlord x3  
  23  3:04  Evolution Chamber  
  23  3:05  Drone x3  
  24  3:06  Drone  
  26  3:15  Queen  
  28  3:23  Roach x3  
  28  3:26  Roach  
  36  3:42  Roach x2  
  36  3:43  Roach x2  
  44  3:53  Lair  
  45  3:55  Drone  
  45  3:58  Drone  
  46  4:09  Drone x4  
  50  4:18  Drone x3  
  50  4:21  Drone  
  50  4:24  Drone  
  55  4:29  Drone x2  
  57  4:34  Zerg Missile Weapons Level 1  
  57  4:42  Extractor  
  55  5:04  Baneling Nest  
  54  5:09  Overlord  
  54  5:10  Drone x3  
  54  5:11  Drone x2  
  54  5:12  Overlord x4  
  59  5:30  Evolution Chamber  
  59  5:32  Hatchery  
  59  5:35  Spore Crawler  
  56  5:38  Spore Crawler  
  56  5:41  Extractor x2  
  53  5:45  Drone x4  
  53  5:46  Drone x2  
  59  5:51  Zergling x4  
  61  6:04  Overseer  
  61  6:10  Overlord  
  61  6:11  Drone x3  
  64  6:19  Drone x6  
  70  6:44  Infestation Pit  
  69  7:01  Queen  
  69  7:05  Extractor, Drone  
  69  7:06  Extractor, Drone x11  
  81  7:12  Hatchery  
  80  7:21  Spire  
  80  7:22  Swarm Host  
  79  7:23  Swarm Host x4  
  93  7:37  Metabolic Boost  
  93  7:48  Swarm Host x3  
  93  7:50  Swarm Host  
  105  8:16  Zerg Ground Armor Level 1  
  105  8:19  Hive  
  105  8:20  Evolution Chamber  
  104  8:29  Drone x7  
  111  8:47  Overlord x12  
  111  9:04  Queen  
  109  9:39  Mutalisk x9  
  109  9:40  Mutalisk x3  
  109  9:43  Greater Spire  
  133  10:15  Pathogen Glands  
  130  10:44  Burrow  
  109  11:07  Swarm Host  
  109  11:08  Swarm Host x15  
  109  11:09  Swarm Host  
  147  12:35  Mutalisk  
  147  12:36  Mutalisk x4  
  151  12:39  Zerg Flyer Armor Level 1  
  143  13:31  Zergling x2  
  143  13:32  Zergling x50  
  143  13:33  Zergling x8  
  169  13:36  Zerg Missile Weapons Level 2, Zerg Melee Weapons Level 1  
  169  13:37  Zerg Ground Armor Level 2  
  124  14:05  Mutalisk  
  124  14:06  Mutalisk x10  
  143  14:11  Queen  
  145  14:33  Zerg Flyer Weapons Level 1  
  145  14:42  Hatchery  
  144  15:00  Overlord, Drone  
  144  15:01  Drone x16  
  160  16:13  Zergling x2  
  160  16:14  Zergling x22  
  172  16:25  Drone  
Tags
 
Composition
MechSwarm Host
League
Gold
Matchup
TvZ
Opening
Pool First
Replay Pack
Vicster replay
Spawn Locations
Cross Positions
Add a new tag
Caveats
  • Supply blocks, unpowered buildings, or Contaminate may cause inaccurate times.
  • Supply counts are checked every 10 seconds.